 Dungeon Crawl Stone Soup version 0.32-a0-675-gdc239d62e1 (webtiles) character file.

Game seed: 8892548678286962323

896 Shayle the Apothecary (level 8, -2/52 HPs)
             Began as a Coglin Alchemist on Mar 11, 2024.
             Slain by an ice beast (8 damage)
             ... on level 5 of the Dungeon.
             The game lasted 00:11:11 (4181 turns).

Shayle the Apothecary (Coglin Alchemist)            Turns: 4181, Time: 00:11:12

Health: -2/52      AC:  3    Str:  9    XL:     8   Next: 7%
Magic:  14/14      EV: 13    Int: 16    God:
Gold:   300        SH:  0    Dex: 15    Spells: 11/15 levels left

rFire   . . .        s - +1 war axe {Hwan}
rCold   . . .        i - +1 trident (venom) {Yejun}
rNeg    . . .        a - +1 robe
rPois   .            (no helmet)
rElec   .            (no cloak)
rCorr   .            (no gloves)
SInv    .            (no boots)
Will    +....        (amulet unavailable)
Stlth   +            (ring unavailable)
HPRegen 0.28/turn    (ring unavailable)
MPRegen 0.14/turn    (no gizmo)

%: no passive effects
@: on fire, enlightened, flying, glowing, revving
A: off-hand wielding, slow wielding, warmup strikes, no jewellery
a: Invent Gizmo


You were on level 5 of the Dungeon.
You visited 1 branch of the dungeon, and saw 5 of its levels.

You collected 300 gold pieces.

Inventory:

Hand Weapons
 c - a +0 mace {Zolin}
 d - a +0 dagger {Prasit}
 i - a +1 trident of venom (offhand) {Yejun}
 s - a +1 war axe (weapon) {Hwan}
Armour
 a - a +1 robe (worn)
Magical Staves
 g - a staff of fire
Wands
 o - a wand of digging (4)
 r - a wand of iceblast (7)
Scrolls
 e - a scroll of fog
 f - a scroll of teleportation
 j - 2 scrolls of fear
 m - a scroll of amnesia {unknown}
 n - a scroll of blinking {unknown}
 p - 2 scrolls of vulnerability
 q - a scroll of identify
Potions
 b - a potion of magic
 h - a potion of mutation
 l - a potion of haste {unknown}


   Skills:
 + Level 4.3 Dodging
 - Level 1.5 Stealth
 + Level 4.0 Spellcasting
 + Level 4.0 Conjurations
 + Level 5.9 Alchemy


You had 11 spell levels left.
You knew the following spells:

 Your Spells              Type           Power      Damage    Failure   Level
a - Sting                 Conj/Alch      76%        1d7       2%          1
b - Mephitic Cloud        Conj/Alch/Air  13%        N/A       13%         3

Your spell library contained the following spells:

 Spells                   Type           Power      Damage    Failure   Level
 Magic Dart               Conj           64%        1d6       3%          1
 Mercury Vapours          Alch/Air       24%        N/A       8%          2
 Olgreb's Toxic Radiance  Alch           22%        N/A       14%         4
 Necrotise                Necr           12%        1d4       17%         1
 Slow                     Hex            12%        N/A       17%         1
 Blink                    Tloc           6%         N/A       26%         2
 Call Imp                 Summ           6%         N/A       26%         2
 Jinxbite                 Hex            6%         N/A       26%         2
 Lesser Beckoning         Tloc           6%         N/A       26%         2
 Call Canine Familiar     Summ           3%         N/A       45%         3
 Confusing Touch          Hex            3%         N/A       45%         3
 Gell's Gravitas          Tloc           3%         N/A       45%         3
 Inner Flame              Hex/Fire       3%         N/A       45%         3
 Sigil of Binding         Hex            3%         N/A       45%         3
 Teleport Other           Tloc           3%         N/A       45%         3
 Vampiric Draining        Necr           3%         2d6       45%         3
 Sticky Flame             Fire/Alch      12%        2d5       45%         4
 Flame Wave               Conj/Fire      9%         2d6       58%         4
 Yara's Violent Unravell  Hex/Alch       6%         3d5       80%         5
 Dimensional Bullseye     Hex/Tloc       1%         N/A       86%         4
 Martyr's Knell           Necr/Summ      3%         N/A       86%         4
 Curse of Agony           Necr           3%         N/A       99%         5
 Enfeeble                 Hex            1%         N/A       100%        7


Dungeon Overview and Level Annotations

Branches:
Dungeon (5/15)
 Temple: D:4-7

Altars:
Cheibriados
Dithmenos
Hepliaklqana
Kikubaaqudgha
Xom
Yredelemnul

Shops:
D:1 !

Annotations:
D:5 1 runed translucent door


Innate Abilities, Weirdness & Mutations

You can wield a second weapon in your off-hand.
It takes a long time for you to wield or remove held weapons.
Your first few attacks do less damage.
You cannot equip rings or amulets.


Message History

You hit the crimson imp but do no damage.
The crimson imp is severely wounded.
You puncture the crimson imp with your +1 trident of venom!
You kill the crimson imp!
Your Spellcasting skill increases to level 4!
Your Conjurations skill increases to level 4!
No target in view!
No target in view!
An ice beast comes into view.
Found a ring mail.
A bombardier beetle comes into view.
Found 11 gold pieces.
You hit the ice beast but do no damage.
You hit the ice beast with your +1 war axe.
The ice beast barely misses you.
The bombardier beetle sprays incendiary fluid at you.
The burning spray hits you.
You are covered in liquid fire!
You hit the ice beast but do no damage.
The ice beast is lightly wounded.
You hit the ice beast with your +1 trident of venom.
The liquid fire burns you! The ice beast hits you. The ice beast freezes you!
The ice beast barely misses you.
You closely miss the ice beast with your +1 war axe.
The ice beast is moderately wounded.
You puncture the ice beast with your +1 trident of venom!
The liquid fire burns you! The ice beast hits you. The ice beast freezes you!
* * * LOW HITPOINT WARNING * * *
Unknown command.
It was a potion of enlightenment.
You feel very buoyant.
You fly up into the air.
The liquid fire burns you!
* * * LOW HITPOINT WARNING * * *
The ice beast hits you.
* * * LOW HITPOINT WARNING * * *
The ice beast freezes you!
You die...

#......#......
#.........####
#.....##......
#.....####.###
###.......#..#
###...#####..#.#
###...#..##
#.#.##
..####...####..##
#.#..#
......Y@..####..#
#....#
.#...#.##..####.#
## #.. ... ..B
##....#.######..
. ....#
####.......##..
......
###.###.....
..[$.. ..........
..... ####.......
..... #.......
##[.....


You could see an ice beast and a bombardier beetle.

Vanquished Creatures
  Sigmund (D:4)
  2 ogres (D:5)
  A scorpion (D:5)
  3 crimson imps (D:5)
  A bombardier beetle (D:4)
  2 orc priests
  A hound (D:5)
  A gnoll bouda (D:4)
  An iguana (D:4)
  4 gnolls
  10 adders
  A dart slug (D:4)
  3 ribbon worms
  6 orcs
  9 endoplasms
  3 giant cockroaches
  4 goblins
  8 hobgoblins
  6 quokkas
  4 ball pythons
  A bat (D:1)
  3 frilled lizards
  A goblin zombie (D:5)
  A jackal skeleton (D:5)
  7 kobolds
  6 rats
90 creatures vanquished.

Vanquished Creatures (others)
  A human (D:4)
  An orc (D:3)
2 creatures vanquished.

Grand Total: 92 creatures vanquished

Notes
Turn   | Place    | Note
-------+----------+-------------------------------------------
     0 | D:1      | Shayle the Coglin Alchemist began the quest for the Orb.
     0 | D:1      | Reached XP level 1. HP: 13/13 MP: 3/3
    53 | D:1      | Found Foekysia's Distillery.
    92 | D:1      | Reached skill level 1 in Conjurations
   187 | D:1      | Reached XP level 2. HP: 19/19 MP: 4/4
   370 | D:1      | Reached XP level 3. HP: 24/24 MP: 4/6
   794 | D:2      | Found a faded altar of an unknown god.
  1008 | D:2      | Reached XP level 4. HP: 27/30 MP: 4/7
  1050 | D:2      | Reached skill level 4 in Alchemy
  1276 | D:2      | Found a snail-covered altar of Cheibriados.
  1325 | D:2      | Learned a level 3 spell: Mephitic Cloud
  1815 | D:3      | Reached XP level 5. HP: 21/35 MP: 2/8
  2741 | D:4      | Reached XP level 6. HP: 19/41 MP: 10/10
  2933 | D:4      | Found a shadowy altar of Dithmenos.
  3036 | D:4      | Found an ancient bone altar of Kikubaaqudgha.
  3036 | D:4      | Noticed a human
  3042 | D:4      | Killed a human
  3286 | D:4      | Noticed Sigmund
  3298 | D:4      | Killed Sigmund
  3299 | D:4      | Reached skill level 5 in Alchemy
  3353 | D:4      | Reached XP level 7. HP: 43/46 MP: 11/11
  3734 | D:5      | Entered Level 5 of the Dungeon
  3898 | D:5      | Found a runed translucent door.
  3898 | D:5      | Noticed a human
  3903 | D:5      | Found a basalt altar of Yredelemnul.
  3913 | D:5      | Found a hazy altar of Hepliaklqana.
  4093 | D:5      | Found a shimmering altar of Xom.
  4116 | D:5      | Reached XP level 8. HP: 47/52 MP: 13/13
  4181 | D:5      | Slain by an ice beast

Illustrated notes

Levels and vault maps discovered:
D:1:      minmay_arrival_semitransparent, layout_rooms, serial_shops,
          nicolae_shop_stone
D:2:      layout_basic, basic_altar, shapermc_ecumenical_altar_notcrosses,
          nrook_mini_vaults
D:3:      layout_basic
D:4:      layout_basic, tgw_kikubaaqudgha, nicolae_dithmenos_shadow_blocks,
          uniq_sigmund
D:5:      layout_rooms, nicolae_uskayaw_en_pointe, led_xom_imps,
          mainiacjoe_overflow_boulevard, dk_yredelemnul_ordeal

Skill      XL: |  1  2  3  4  5  6  7  8 |
---------------+-------------------------+-----
Conjurations   | 1 2 3 4 |  4.0
Dodging        | 2 3 4 |  4.3
Spellcasting   | 2 3 4 |  4.0
Alchemy        | 4 5 |  5.9
Stealth        | |  1.5

Action                     |  1- 3 |  4- 6 |  7- 9 || total
---------------------------+-------+-------+-------++-------
  Melee: Mace              |    17 |     9 |       ||    26
         Dagger            |    17 |    22 |       ||    39
         Unarmed           |     4 |       |       ||     4
         War axe           |       |    54 |    54 ||   108
         Trident           |       |    44 |    66 ||   110
   Cast: Sting             |    42 |    21 |       ||    63
         Mephitic Cloud    |       |     4 |     6 ||    10
    Use: Scroll            |       |     9 |       ||     9
         Potion            |       |     4 |     1 ||     5
   Stab: Sleeping          |       |     5 |     2 ||     7
         Confused          |       |     1 |     3 ||     4
 Armour: Robe              |    14 |    39 |    35 ||    88
         Skin              |       |     3 |       ||     3
  Dodge: Dodged            |    22 |    40 |    39 ||   101

Table legend: (Time is in decaauts)
 A = Elapsed time spent in this place.
 B = Non-inter-level travel time spent in this place.
 C = Inter-level travel time spent in this place.
 D = Time resting spent in this place.
 E = Time spent auto-exploring this place.
 F = Levels seen in this place.
 G = Mean time per level.
                   A        B        C        D        E       F      G
               +--------+--------+--------+--------+--------+-----+--------+
         Total |   4236 |   4107 |    129 |    598 |   2408 |   5 |  847.2 |
       Dungeon |   4236 |   4107 |    129 |    598 |   2408 |   5 |  847.2 |
               +--------+--------+--------+--------+--------+-----+--------+

Top non-repeatable levels by time:
     D:4: 1256 daAuts
     D:2: 937 daAuts
     D:3: 848 daAuts
     D:1: 727 daAuts
     D:5: 466 daAuts
